AoeStats
← Pepin_Pistolin

Arabia

509493335Analyzed
2v2 RM · 4d ago on Sep 27, 2026· 58m 13s· 4 players
Game mode
Random Map
Map size
Medium (4 player)
Population
200
Speed
Normal
Resources
Standard
Victory
Conquest
Starting age
Dark Age
Ending age
Imperial Age
RankedLock teamsTeams togetherTeam positionsShared explorationLock speedFull tech treeHidden civsTurbo modeCheats
Victory
Defeat
🇦🇷 Franks · Argentina
765
+14
🇩🇪 Inca · Germany
739
+15
🇨🇦 Khmer · Canada
879
-20
🇺🇸 Mongols · United States
569
-9
Saxon3000
11:07 Feudal Age
11:54 Double-Bit Axe
12:06 Horse Collar
13:41 Bloodlines
16:14 Forging
22:05 Castle Age
20:09 Loom
21:17 Fletching
22:23 Gold Mining
31:06 Murder Holes
31:31 Ballistics
31:23 Masonry
35:40 Bow Saw
36:27 Stone Mining
41:15 Imperial Age
39:42 Scale Barding Armor
39:33 Bodkin Arrow
41:42 Caravan
42:23 Conscription
42:34 Cavalier
43:17 Husbandry
45:33 Wheelbarrow
45:46 Herbal Medicine
47:11 Chemistry
49:14 Double Crossbow
Bob
3:03 Loom
11:01 Feudal Age
12:22 Wheelbarrow
11:35 Double-Bit Axe
11:34 Horse Collar
11:45 Town Watch
18:40 Castle Age
21:32 Hand Cart
25:03 Husbandry
27:19 Padded Archer Armor
29:39 Light Cavalry
30:29 Bloodlines
30:38 Stone Mining
35:58 Stone Shaft Mining
41:57 Gold Mining
44:40 Gold Shaft Mining
44:40 Bow Saw
44:35 Caravan
45:50 Town Patrol
47:56 Heavy Plow
48:07 Scale Barding Armor
49:19 Coinage
53:57 Imperial Age
51:51 Nomads
54:29 Onager
54:34 Hussar
55:57 Murder Holes
56:24 Ballistics
58:01 Chemistry
57:31 Masonry
Pepin_Pistolin
10:20 Loom
12:06 Feudal Age
17:26 Castle Age
18:02 Horse Collar
18:11 Double-Bit Axe
23:55 Wheelbarrow
25:08 Champi Runner
27:44 Champi Warrior
32:48 Forging
47:50 Imperial Age
45:30 Heavy Plow
45:44 Bow Saw
45:59 Ballistics
46:26 Iron Casting
45:52 Scale Mail Armor
46:45 Gold Mining
46:49 Stone Mining
49:48 Fabric Shields
49:21 Capped Ram
53:00 Blast Furnace
52:15 Chain Mail Armor
53:41 Fletching
53:52 Murder Holes
56:28 Elite Kamayuk
munileven
7:10 Loom
10:02 Feudal Age
15:59 Double-Bit Axe
18:31 Scale Barding Armor
18:36 Forging
21:07 Castle Age
21:20 Light Cavalry
22:13 Forging
22:23 Chain Barding Armor
23:46 Bow Saw
23:15 Light Cavalry
29:05 Pikeman
29:31 Gambesons
29:32 Crossbowman
32:00 Iron Casting
31:16 Fletching
31:26 Padded Archer Armor
38:58 Gold Mining
39:00 Stone Mining
41:46 Imperial Age
39:23 Bodkin Arrow
39:30 Scale Mail Armor
40:55 Husbandry
40:31 Ordonnance Companies
41:33 Leather Archer Armor
41:34 Chain Mail Armor
42:22 Squires
43:08 Gold Shaft Mining
42:31 Halberdier
44:34 Wheelbarrow
43:45 Town Watch
44:42 Plate Barding Armor
45:09 Blast Furnace
46:29 Conscription
45:54 Heavy Mounted Crossbowman
47:45 Cavalier
49:13 Hand Cart
48:59 Town Patrol
50:06 Coinage
51:53 Plate Mail Armor
56:25 Chivalry
Connection lost

Rejoining the realm…

Still unreachable

The connection could not be restored.

Session expired

The server has moved on; the page needs a fresh start.